Map: Torres crepusculares

Players

Asperum - Winner!

  • Race: Terran Terran

steffanox

  • Race: Terran Terran
  • League: Bronze

VOD

Have the link to the VOD?

Description

Time

  • Played on: Dec. 16, 2015, 8:20 p.m.
  • Length: 14:10
Show
View Real Time Build Order
Export as new Build Order

Asperum Terran - Winner!

Build Orders:  

Get SALT Encoding   

  12  0:06  SCV  
  13  0:18  SCV  
  13  0:21  Refinery  
  14  0:30  SCV  
  14  0:34  Supply Depot  
  15  1:00  Barracks  
  15  1:05  SCV  
  16  1:17  SCV  
  17  1:34  Command Center  
  17  1:40  SCV  
  17  1:42  Supply Depot  
  17  2:01  Barracks Reactor  
  17  2:06  SCV  
  18  2:10  Refinery  
  19  2:23  Orbital Command  
  20  2:47  Reaper x2  
  20  2:55  SCV  
  21  3:01  Orbital Command  
  21  3:08  SCV  
  21  3:10  Supply Depot  
  22  3:19  Reaper x2  
  24  3:20  SCV  
  25  3:32  SCV  
  26  3:38  Orbital Command  
  26  3:44  SCV  
  27  3:59  SCV  
  27  4:00  Barracks  
  27  4:02  Barracks  
  27  4:11  SCV  
  28  4:27  Marine  
  28  4:28  Marine  
  30  4:37  Supply Depot  
  30  4:40  Supply Depot  
  30  4:42  SCV  
  31  4:45  Marine  
  31  4:46  Marine  
  33  4:54  SCV  
  34  5:00  Barracks Tech Lab x2  
  34  5:03  Refinery, Marine x2  
  34  5:05  Refinery  
  34  5:06  SCV  
  37  5:18  SCV  
  37  5:21  Marine x2  
  40  5:28  Factory  
  40  5:30  SCV  
  40  5:34  Factory, Marauder x2  
  45  5:39  Marine  
  46  5:55  Marauder x2  
  50  6:02  Command Center  
  50  6:08  Engineering Bay  
  50  6:09  SCV  
  51  6:15  Combat Shields  
  51  6:17  Marauder x2  
  55  6:21  SCV  
  55  6:24  Factory Tech Lab  
  55  6:25  Factory Tech Lab  
  56  6:33  SCV  
  56  6:34  Supply Depot  
  56  6:36  Supply Depot  
  56  6:38  Marauder x2  
  49  6:59  Marauder  
  51  7:05  Marine x3  
  54  7:17  Sensor Tower  
  54  7:20  Marine  
  55  7:23  Marine x3  
  55  7:28  SCV  
  59  7:31  Siege Tank x2  
  65  7:38  Marine  
  65  7:40  SCV  
  65  7:41  Marauder, Marine  
  70  7:52  Terran Infantry Weapons Level 1, SCV  
  70  7:55  Marine  
  70  7:56  Marauder  
  74  7:58  Marine  
  74  8:03  Siege Tank x2, Marauder  
  74  8:04  SCV  
  73  8:13  Marine  
  73  8:18  Marauder  
  75  8:24  Marauder  
  76  8:32  Planetary Fortress  
  76  8:39  Marauder  
  76  8:40  Refinery  
  78  8:46  Barracks, Marauder  
  78  8:47  Marine x2  
  82  9:00  SCV  
  82  9:01  Marauder  
  85  9:03  Sensor Tower  
  85  9:05  Marine x2  
  85  9:07  Marauder  
  89  9:13  SCV  
  90  9:21  Marine  
  90  9:22  Marine x2  
  92  9:28  Marine  
  93  9:45  Marine  
  93  9:46  Marine  
  83  9:58  Supply Depot  
  83  9:59  Supply Depot  
  83  10:01  Supply Depot  
  83  10:11  Missile Turret  
  83  10:12  Missile Turret  
  83  10:14  Missile Turret  
  83  10:16  Marine x4  
  87  10:34  Marine x4  
  91  10:52  Marine x2  
  54  12:30  Command Center  
Show
View Real Time Build Order
Export as new Build Order

steffanox Terran 

Build Orders:  

Get SALT Encoding   

  12  0:03  SCV  
  13  0:15  SCV  
  14  0:22  Supply Depot  
  14  0:27  SCV  
  15  0:34  Refinery  
  15  0:43  SCV  
  15  0:48  Barracks  
  16  0:58  SCV  
  17  1:10  SCV  
  18  1:22  SCV  
  18  1:24  Supply Depot  
  19  1:34  SCV  
  20  1:56  Orbital Command  
  20  2:04  Command Center  
  20  2:07  Marine  
  21  2:17  Factory  
  21  2:22  SCV  
  22  2:25  Marine  
  23  2:30  Refinery  
  23  2:34  SCV  
  25  2:46  Barracks  
  25  2:47  Barracks Reactor  
  25  2:51  SCV  
  25  2:55  Supply Depot  
  25  3:03  SCV, Factory Reactor  
  26  3:08  Bunker  
  26  3:15  SCV  
  26  3:17  SCV  
  28  3:28  Marine x2  
  28  3:30  SCV, Barracks  
  31  3:42  SCV  
  32  3:49  Marine x2  
  32  3:53  Barracks Reactor  
  32  3:54  SCV  
  35  4:05  Starport  
  35  4:06  SCV  
  35  4:07  Marine x2  
  35  4:08  Widow Mine x2  
  41  4:18  SCV  
  41  4:23  Barracks  
  42  4:25  Marine x2  
  42  4:27  SCV  
  42  4:30  SCV  
  46  4:33  Barracks  
  46  4:34  Barracks Reactor  
  46  4:40  Marine x2  
  46  4:42  Marine  
  46  4:43  Marine  
  50  4:57  Engineering Bay  
  50  5:08  Widow Mine x2  
  54  5:14  Starport Reactor  
  54  5:27  Supply Depot, Marine x6  
  60  5:30  Barracks Reactor, Supply Depot  
  60  5:34  Supply Depot  
  60  5:37  Widow Mine  
  60  5:38  Refinery  
  60  5:42  Refinery  
  62  5:48  Widow Mine  
  64  5:58  Medivac x2  
  64  6:01  Barracks Tech Lab  
  64  6:02  SCV  
  69  6:08  Supply Depot  
  69  6:28  Medivac x2  
  70  6:44  Marine x2  
  60  7:01  Marine x2  
  60  7:04  SCV  
  63  7:16  SCV  
  63  7:19  Marine x2  
  66  7:24  Marine x3  
  66  7:25  Marine x3  
  66  7:28  SCV  
  73  7:30  Supply Depot  
  71  7:37  Marine x2  
  71  7:40  SCV  
  71  7:42  Marine x5  
  71  7:43  Marine  
  76  7:53  SCV  
  76  7:55  Marine x2  
  79  8:00  Marine x3  
  76  8:42  Widow Mine x2  
  76  8:46  Stimpack  
  76  8:47  Marauder  
  82  8:52  Marine x2  
  82  8:53  Marine x6  
  90  9:07  Supply Depot  
  90  9:08  Supply Depot  
  90  9:09  Marauder  
  92  9:10  Marine x3  
  92  9:11  Widow Mine x2, Marine x3  
  102  9:28  Marine x6  
  102  9:29  Marine x2  
  102  9:30  Marauder  
  112  9:52  Marauder  
  114  10:13  Marauder, Medivac  
  118  10:22  SCV, Medivac  
  121  10:29  Supply Depot  
  121  10:34  SCV  
  122  10:43  Medivac  
  122  10:46  SCV, Combat Shields  
  125  10:52  Medivac  
  127  10:58  SCV  
  128  11:10  SCV  
  129  11:13  Medivac  
  131  11:22  Medivac  
Tags
 
Add a new tag
Caveats
  • Supply blocks, unpowered buildings, or Contaminate may cause inaccurate times.
  • Supply counts are checked every 10 seconds.